 Dungeon Crawl Stone Soup version 0.29-a0-90-gc37658a0fe (webtiles) character file.

Game seed: 11929105845692883783

68 Gargoyl the Skirmisher (level 4, -22/29 HPs)
             Began as a Gargoyle Abyssal Knight on Feb 6, 2022.
             Was a Follower of Lugonu.
             Annihilated by an ogre (25 damage)
             ... on level 3 of the Dungeon.
             The game lasted 00:02:46 (2487 turns).

Gargoyl the Skirmisher (Gargoyle Abyssal Knight)    Turns: 2487, Time: 00:02:47

Health: -22/29     AC: 15    Str: 19    XL:     4   Next: 19%
Magic:  5/5        EV:  7    Int: 10    God:    Lugonu [*.....]
Gold:   112        SH:  0    Dex: 10    Spells: 3/3 levels left

rFire   . . .      SeeInvis +   a - +1 hand axe
rCold   . . .      Faith    .   (no shield)
rNeg    + . .      Spirit   .   j - +0 chain mail
rPois   ∞          Reflect  .   (no helmet)
rElec   +          Harm     .   i - +2 cloak
rCorr   .          Rampage  .   (no gloves)
Will    .....                   (no boots)
Stlth   ..........              (no amulet)
HPRegen 0.09/turn               b - ring of see invisible
MPRegen 0.09/turn               (no ring)

@: no status effects
A: sickness immunity, AC +3, negative energy resistance 1, electricity
resistance, torment resistance 1, petrification resistance
a: Renounce Religion, Depart the Abyss


You were on level 3 of the Dungeon.
You worshipped Lugonu.
Lugonu was aware of your devotion.
You visited 1 branch of the dungeon, and saw 3 of its levels.
You visited the Abyss 1 time.

You collected 112 gold pieces.

Inventory:

Hand Weapons
 a - a +1 hand axe (weapon)
Missiles
 e - 4 boomerangs (quivered)
Armour
 i - a +2 cloak (worn)
 j - a +0 chain mail (worn)
Jewellery
 b - a ring of see invisible (left hand)
Potions
 c - 2 potions of curing
 d - a potion of heal wounds {unknown}
 g - a potion of degeneration {unknown}
 h - a potion of cancellation {unknown}


   Skills:
 + Level 4.1 Fighting
 + Level 2.5 Axes
 + Level 3.3 Armour
 + Level 0.8 Dodging
 + Level 2.0 Invocations


You had 3 spell levels left.
You didn't know any spells.
Your spell library was empty.

Dungeon Overview and Level Annotations

Branches:
Dungeon (3/15)

Altars:

Shops:
D:2 =


Innate Abilities, Weirdness & Mutations

You are immune to sickness and miasma.
Your stone body is resilient. (AC +3)
You are immune to poison.
You resist negative energy. (rN+)
You are resistant to electric shocks. (rElec)
You are resistant to unholy torment.
You are immune to petrification.


Message History

Press: ? - help, Q - select action, (/) - cycle Shift-Dir - straight line, f - ogre
Aim: an ogre, wielding a +0 giant club (73% to hit)
You throw a poisoned dart. The poisoned dart hits the ogre.
The ogre is poisoned.
Unknown command.
Throw: 2 darts (poison)
Press: ? - help, Q - select action, (/) - cycle Shift-Dir - straight line, f/p - ogre
Aim: an ogre, wielding a +0 giant club (lightly wounded, poisoned, 73% to hit)
You throw a poisoned dart. The poisoned dart hits the ogre.
The ogre looks even sicker.
The ogre is lightly wounded.
Throw: dart (poison)
Press: ? - help, Q - select action, (/) - cycle Shift-Dir - straight line, f/p - ogre
Aim: an ogre, wielding a +0 giant club (lightly wounded, very poisoned, 73% to hit)
You throw a poisoned dart. The poisoned dart hits the ogre.
The ogre looks even sicker.
The ogre is lightly wounded.
You hit the ogre.
The ogre is lightly wounded.
The ogre hits you with a +0 giant club!
You hit the ogre but do no damage.
The ogre is moderately wounded.
The ogre hits you with a +0 giant club.
Okay, then.
Found a stone staircase leading up.
A rat comes into view.
The ogre hits you with a +0 giant club!
* * * LOW HITPOINT WARNING * * *
Found a stone staircase leading up.
The rat bites you but does no damage. The rat bites you but does no damage.
Found a golden potion.
There is a stone staircase leading up here.
There is a stone staircase leading up here.
The ogre looks more healthy.
You barely miss the ogre.
The ogre is almost dead.
The ogre hits you with a +0 giant club!!
Ouch! That really hurt!
You die...

#. #.............| #...
#.....<...(.... ...
#..........(... ..
#..<........(..
###.###.............<
##...#................
###................!....
........r........##.....
.#....@O....###.#######
#..........# .#
....###..##### .# ...
#..# .# ...# ##... ....
#....


You could see an ogre and a rat.

Vanquished Creatures
  A gnoll (D:1)
  2 adders (D:2)
  2 worms (D:2)
  A dart slug (D:1)
  2 bats (D:1)
  4 endoplasms
  3 giant cockroaches (D:1)
  6 goblins
  A hobgoblin (D:1)
  A kobold (D:1)
  A quokka (D:1)
  2 ball pythons
  2 frilled lizards
  5 rats
33 creatures vanquished.

Notes
Turn   | Place    | Note
-------+----------+-------------------------------------------
     0 | Abyss:1  | Gargoyl the Gargoyle Abyssal Knight began the quest for the
                  | Orb.
     0 | Abyss:1  | Reached XP level 1. HP: 14/14 MP: 2/2
    89 | Abyss:1  | Found a corrupted altar of Lugonu.
   108 | Abyss:1  | Noticed a chaos spawn
   131 | Abyss:2  | Noticed a large abomination
   141 | D:1      | Escaped the Abyss
   448 | D:1      | Reached XP level 2. HP: 2/20 MP: 3/3
   743 | D:1      | Found a faded altar of an unknown god.
   970 | D:1      | Reached * piety under Lugonu
  1277 | D:1      | Reached skill level 4 in Fighting
  1277 | D:1      | Reached XP level 3. HP: 23/24 MP: 4/4
  2008 | D:2      | Reached XP level 4. HP: 25/29 MP: 5/5
  2193 | D:2      | Found Xetea's Jewellery Shoppe.
  2460 | D:3      | Noticed an ogre
  2487 | D:3      | Annihilated by an ogre

Illustrated notes

Levels and vault maps discovered:
D:1:      dpeg_arrival_solitude, layout_loops_corners,
          chequers_ecumenical_altar_simple, grunt_decor_clamped
D:2:      layout_loops_ring, serial_shops, shop_coins
D:3:      layout_rooms, hangedman_abyss_or_decor_stabs,
          small_statue_intersection

Skill      XL: |  1  2  3 |
---------------+----------+-----
Fighting       | 4 |  4.1
Axes           | 2 |  2.5
Armour         | 3 |  3.3
Dodging        | |  0.8
Invocations    | |  2.0

Action                   |  1- 3 |  4- 6 || total
-------------------------+-------+-------++-------
Melee: Hand axe          |    87 |    12 ||    99
       Punch             |     1 |       ||     1
Throw: Dart              |       |     3 ||     3
Invok: Depart the Abyss  |     1 |       ||     1
  Use: Scroll            |     3 |       ||     3
Armor: Leather armour    |     4 |       ||     4
       Ring mail         |    28 |       ||    28
       Chain mail        |     9 |     9 ||    18
Dodge: Dodged            |    47 |       ||    47

Table legend: (Time is in decaauts)
 A = Elapsed time spent in this place.
 B = Non-inter-level travel time spent in this place.
 C = Inter-level travel time spent in this place.
 D = Time resting spent in this place.
 E = Time spent auto-exploring this place.
 F = Levels seen in this place.
 G = Mean time per level.
                   A        B        C        D        E       F      G
               +--------+--------+--------+--------+--------+-----+--------+
         Total |   2504 |   2478 |     26 |      0 |   2013 |   5 |  500.8 |
       Dungeon |   2364 |   2338 |     26 |      0 |   1899 |   3 |  788.0 |
         Abyss |    140 |    140 |      0 |      0 |    114 |   2 |   70.0 |
               +--------+--------+--------+--------+--------+-----+--------+

Top non-repeatable levels by time:
     D:1: 1592 daAuts
     D:2: 744 daAuts
 Abyss:1: 120 daAuts
     D:3: 27 daAuts
 Abyss:2: 20 daAuts
